 Dungeon Crawl Stone Soup version 0.31-a0-1589-g8f5e8aebd6 (webtiles) character file.

Game seed: 8620800387654319792

5 Laraso the Sneak (level 1, 0/18 HPs)
             Began as an Armataur Delver on Jan 5, 2024.
             Slain by Jessica
             ... wielding a +2 dagger of freezing
              (2 damage)
             ... on level 3 of the Dungeon.
             The game lasted 00:00:37 (102 turns).

Laraso the Sneak (Armataur Delver)                   Turns: 102, Time: 00:00:38

Health: 0/18       AC:  9    Str: 17    XL:     1   Next: 66%
Magic:  1/1        EV:  8    Int: 10    God:
Gold:   0          SH:  0    Dex: 11    Spells: 0/0 levels left

rFire   . . .        a - +0 mace
rCold   . . .        (no shield)
rNeg    . . .        i - +0 ring mail
rPois   .            (no helmet)
rElec   .            (no cloak)
rCorr   .            (no gloves)
SInv    .            (no barding)
Will    .....        (no amulet)
Stlth   ++           j - +4 ring of protection
HPRegen 0.23/turn    (no ring)
MPRegen 0.07/turn

%: roll
@: hasted, very quick
A: large, deformed body, tough skin 3, armoured tail, roll 1
a: no special abilities


You were on level 3 of the Dungeon.
You visited 1 branch of the dungeon, and saw 3 of its levels.

Inventory:

Hand Weapons
 a - a +0 mace (weapon)
Armour
 b - a +0 leather armour
 i - a +0 ring mail (worn)
Jewellery
 j - a +4 ring of protection (left hand)
Wands
 g - a wand of digging (3)
Scrolls
 c - 2 scrolls of fog
 d - a scroll of revelation
 e - a scroll of fear
 h - a scroll of poison {unknown}


   Skills:
 + Level 2.7 Fighting
 + Level 1.9 Maces & Flails
 + Level 1.5 Dodging
 + Level 5.5 Stealth


You couldn't memorise any spells.
You didn't know any spells.
Your spell library was empty.

Dungeon Overview and Level Annotations

Branches:
Dungeon (5/15)
 Temple: D:4-7

Altars:

Annotations:
D:3 Jessica
D:5 3 runed translucent doors, experimilk's ghost, novice KoHs


Innate Abilities, Weirdness & Mutations

Armour fits poorly on your strangely shaped body.
You have extremely tough skin. (AC +3)
You have a long armoured tail.
You regenerate magic when rolling toward enemies. (Rampage MPRegen)


Message History

j - a +4 ring of protection The bat hits you but does no damage.
The bat hits you but does no damage. The bat hits you but does no damage.
The bat barely misses you. The bat barely misses you.
The bat barely misses you.
You closely miss the bat. The bat hits you but does no damage.
You hit the bat.
You kill the bat!
No target in view!
No target in view!
j - a +4 ring of protection (left hand)
You see here a bat corpse.
You roll towards the dart slug!
The dart slug launches a dart at you. The slug dart misses you.
You hit the dart slug.
The dart slug is severely wounded.
The dart slug bites you but does no damage.
You hit the dart slug.
You kill the dart slug!
No target in view!
Jessica the Apprentice Sorceress comes into view.
She is wielding a +2 dagger of freezing.
A giant cockroach comes into view.
Jessica mumbles some strange words.
Jessica blinks!
You closely miss Jessica.
Your tail-slap misses Jessica.
Jessica gestures at you while chanting. Pain shoots through your body!
You barely miss Jessica. Jessica gestures at you while chanting.
Pain shoots through your body!
Ouch! That really hurt!
* * * LOW HITPOINT WARNING * * *
Unknown command.
You feel yourself speed up.
Jessica hits you with a +2 dagger of freezing.
* * * LOW HITPOINT WARNING * * *
Jessica freezes you.
You die...

######....###.#.#.#
)....'........#.#.###
######...†##..#.#...####
). +..................
### #.............#....
. ###....####..........
........................
##...............@......
#.######.......@B......
# ###.###...?.....
...............
###.......#.#...
#.#######.# .. #.# # .
#.# ##


You could see Jessica and a giant cockroach.

Vanquished Creatures
  A dart slug (D:3)
  An orc (D:3)
  A bat (D:3)
3 creatures vanquished.

Notes
Turn   | Place    | Note
-------+----------+-------------------------------------------
     0 | D:5      | Laraso the Armataur Delver began the quest for the Orb.
     0 | D:5      | Reached XP level 1. HP: 18/18 MP: 1/1
     0 | D:5      | Noticed experimilk's ghost (novice KoHs)
     2 | D:5      | Noticed a kobold brigand
     9 | D:4      | Noticed a sleepcap
    98 | D:3      | Noticed Jessica
   102 | D:3      | Slain by Jessica

Illustrated notes

Levels and vault maps discovered:
D:3:      minmay_skewed_foursquare, layout_basic,
          shapermc_ecumenical_altar_mp_ritualfount, skrybe_limestone_x,
          dreamdust_wishing_well, uniq_jessica
D:4:      layout_basic, minivault_26, minmay_distorted
D:5:      layout_basic, gammafunk_ghost_nasty_kobolds

Action                     || total
---------------------------++-------
  Melee: Mace              ||    13
         Tailslap          ||     2
    Use: Potion            ||     1
 Armour: Ring mail         ||    11
  Dodge: Dodged            ||     7

Table legend: (Time is in decaauts)
 A = Elapsed time spent in this place.
 B = Non-inter-level travel time spent in this place.
 C = Inter-level travel time spent in this place.
 D = Time resting spent in this place.
 E = Time spent auto-exploring this place.
 F = Levels seen in this place.
 G = Mean time per level.
                   A        B        C        D        E       F      G
               +--------+--------+--------+--------+--------+-----+--------+
         Total |    105 |    105 |      0 |     11 |      0 |   3 |   35.0 |
       Dungeon |    105 |    105 |      0 |     11 |      0 |   3 |   35.0 |
               +--------+--------+--------+--------+--------+-----+--------+

Top non-repeatable levels by time:
     D:3: 81 daAuts
     D:4: 18 daAuts
     D:5: 5 daAuts
